 Dungeon Crawl Stone Soup version 0.30-a0-723-gc1506a1cf0 (webtiles) character file.

Game seed: 3639511564012280718

2505 PriceMaster the Thaumaturge (level 9, 0/45 HPs)
             Began as a Deep Elf Fire Elementalist on Jan 28, 2023.
             Was an Elder of Nemelex Xobeh.
             Engulfed by a cloud of flame (11 damage)
             ... on level 7 of the Dungeon.
             The game lasted 00:19:05 (9205 turns).

PriceMaster the Thaumaturge (DEFE)                  Turns: 9205, Time: 00:19:06

Health: 0/45       AC:  6    Str:  9    XL:     9   Next: 28%
Magic:  10/27      EV: 12    Int: 24    God:    Nemelex Xobeh [****..]
Gold:   201        SH:  0    Dex: 14    Spells: 26/32 levels left

rFire   + . .      SeeInvis .    B - +2 flail (protect)
rCold   . . .      Faith    +    (no shield)
rNeg    . . .      Spirit   .    u - +2 robe {Will+}
rPois   .          Reflect  .    (no helmet)
rElec   .          Harm     .    t - +0 cloak
rCorr   .          Rampage  .    k - +0 pair of gloves
Will    +....                    (no boots)
Stlth   ++                       j - amulet of faith
HPRegen 0.27/turn                s - ring of protection from fire
MPRegen 0.20/turn                (no ring)

@: ambrosia-drunk
A: strong 1, no potion heal 1
a: Renounce Religion, Draw Escape, Draw Destruction, Draw Summoning, Triple
Draw, Deal Four


You were on level 7 of the Dungeon.
You worshipped Nemelex Xobeh.
Nemelex Xobeh was greatly pleased with you.
You visited 1 branch of the dungeon, and saw 7 of its levels.

You collected 289 gold pieces.
You spent 88 gold pieces at shops.

Inventory:

Hand Weapons
 e - a +0 dagger
 w - a +0 short sword of electrocution
 B - a +2 flail of protection (weapon)
Armour
 a - a +0 robe
 k - a +0 pair of gloves (worn)
 t - a +0 cloak (worn)
 u - a +2 robe of willpower (worn)
Jewellery
 d - an amulet of guardian spirit
 j - an amulet of faith (around neck)
 s - a ring of protection from fire (left hand)
Wands
 z - a wand of roots (14)
Scrolls
 b - 2 scrolls of immolation
 c - a scroll of noise {unknown}
 g - a scroll of poison
 h - 4 scrolls of enchant weapon {unknown}
 i - a scroll of fear
 l - a scroll of enchant armour {unknown}
 n - a scroll of brand weapon
 o - a scroll of fog {unknown}
 p - a scroll of identify
 r - a scroll of magic mapping {unknown}
 v - a scroll of butterflies {unknown}
 y - a scroll of blinking {unknown}
 C - a scroll of teleportation {unknown}
Potions
 f - 2 potions of curing
 m - a potion of invisibility {unknown}
 q - 3 potions of might
 A - a potion of brilliance {unknown}
 D - a potion of berserk rage {unknown}


   Skills:
 + Level 0.2 Fighting
 + Level 0.3 Short Blades
 + Level 2.7 Dodging
 + Level 3.7 Stealth
 * Level 12.2 Spellcasting
 + Level 4.6 Conjurations
 + Level 3.1 Hexes
 + Level 7.8 Fire Magic
 + Level 0.3 Invocations


You had 26 spell levels left.
You knew the following spells:

 Your Spells              Type           Power      Damage    Failure   Level
a - Foxfire               Conj/Fire      100%       2x1d9     1%          1
b - Scorch                Fire           100%       2d10      1%          2
c - Inner Flame           Hex/Fire       41%        N/A       1%          3

Your spell library contained the following spells:

 Spells                   Type           Power      Damage    Failure   Level
 Flame Wave               Conj/Fire      44%        2d11      3%          4
 Hailstorm                Conj/Ice       25%        3d7       4%          3
 Kindle Blastsparks       Fire/Tloc/Air  54%        2d14      4%          3
 Teleport Other           Tloc           14%        N/A       13%         3
 Airstrike                Air            7%         2d(1-17)  38%         4
 Ice Form                 Ice/Tmut       14%        N/A       38%         4
 Manifold Assault         Tloc           14%        N/A       38%         4
 Passage of Golubria      Tloc           14%        N/A       38%         4
 Summon Lightning Spire   Summ/Air       14%        N/A       38%         4
 Lightning Bolt           Conj/Air       12%        1d26      41%         5
 Simulacrum               Ice/Necr       7%         N/A       100%        6


Dungeon Overview and Level Annotations

Branches:
Dungeon (7/15)             Temple (0/1) D:4

Altars:
Dithmenos
Elyvilon
Hepliaklqana
Nemelex Xobeh
Okawaru
Qazlal
Sif Muna
Wu Jian
The Shining One

Shops:
D:4 !


Innate Abilities, Weirdness & Mutations

Your muscles are strong. (Str +4, Int/Dex -1)
Potions are less effective at restoring your health.


Message History

You conjure some foxfire!
The foxfire hits the orc warrior but does no damage.
The orc warrior is lightly wounded.
The foxfire hits the orc warrior but does no damage.
The orc warrior is lightly wounded.
A wight comes into view. It is wielding a +5 war axe.
The foxfire hits the orc warrior.
The orc warrior is moderately wounded.
You are out of magic!
You are out of magic!
You are out of magic!
Okay, then.
Okay, then.
It was a potion of ambrosia.
You are confused.
Your system partially rejects the healing.
You feel invigorated.
The foxfire hits the orc warrior but does no damage.
The orc warrior is moderately wounded.
The foxfire hits the orc warrior but does no damage.
The orc warrior is moderately wounded.
You're too confused to cast spells.
Okay, then.
You're too confused to cast spells.
Okay, then.
You're too confused to cast spells.
Okay, then.
You're too confused to cast spells.
Okay, then.
You're too confused to cast spells.
You're too confused to cast spells.
You are engulfed in blazing flames.
You resist.
The orc warrior hits you with a +0 short sword.
You bump into the tree.
You are engulfed in blazing flames.
You resist.
The orc warrior hits you with a +0 short sword!
* * * LOW HITPOINT WARNING * * *
Your system partially rejects the healing.
You feel better.
You are engulfed in blazing flames.
You resist.
You die...
Your body glows slightly and disappears.

.....♣♣♣ ## )♣♣....♣♣ #.
♣.♣♣♣...♣♣♣♣ #. ♣♣..♣♣♣....♣♣♣♣.♣
♣ #. ♣♣..♣♣♣.......♣ .♣ #.
♣♣........♣♣♣♣ ♣♣♣♣.♣ #.
♣♣♣♣........♣♣ ♣♣♣....♣ #.
.♣♣..........♣ ♣.o.)..♣ ##
....♣...♣♣♣..♣♣♣@)oz..♣ ♣♣♣♣.♣♣♣♣
♣♣....○)○.♣♣♣ ### ♣.♣♣
♣♣♣...○...♣ ####.## # ####
♣♣.♣♣♣.####.....##
###..################......)..###
....................'.........'..
...##.##.###.#..[####.........###
#..#..##.##........###.......##
##.#.###.##..#####.# ##.....##


You could see an orc warrior, a wight and an orc (inner flame).

Vanquished Creatures
  A water moccasin (D:5)
  An ice beast (D:7)
  4 black bears
  A sky beast (D:7)
  An orc warrior (D:7)
  Blork the orc (D:4)
  2 bullfrogs
  3 scorpions
  A necrophage (D:5)
  6 wights (D:7)
  2 howler monkeys
  A jelly (D:6)
  2 gnoll boudas (D:4)
  5 orc priests
  2 hounds
  4 iguanas
  5 orc wizards
  Robin (D:3)
  13 gnolls
  12 adders
  A river rat (D:5)
  A shadow imp (D:4)
  A white imp (D:6)
  3 ufetubi
  4 dart slugs
  19 orcs
  4 endoplasms
  8 giant cockroaches
  18 goblins
  10 hobgoblins
  2 jackals (D:3)
  4 quokkas
  A ball python (D:4)
  7 bats
  3 frilled lizards
  5 kobolds
  8 rats
167 creatures vanquished.

Vanquished Creatures (collateral kills)
  3 foxfires
3 creatures vanquished.

Vanquished Creatures (others)
  529 foxfires
529 creatures vanquished.

Grand Total: 699 creatures vanquished

Notes
Turn   | Place    | Note
-------+----------+-------------------------------------------
     0 | D:1      | PriceMaster the Deep Elf Fire Elementalist began the quest
                  | for the Orb.
     0 | D:1      | Reached XP level 1. HP: 10/10 MP: 6/6
    10 | D:1      | Found a faded altar of an unknown god.
    45 | D:1      | Prayed at the altar of an unknown god.
    45 | D:1      | Became a worshipper of Nemelex Xobeh the Trickster
    45 | D:1      | Reached * piety under Nemelex Xobeh
   266 | D:1      | Received a gift from Nemelex Xobeh
   424 | D:1      | Reached XP level 2. HP: 15/15 MP: 2/8
  1347 | D:2      | Reached XP level 3. HP: 19/19 MP: 2/10
  1442 | D:2      | Learned a level 2 spell: Scorch
  1446 | D:2      | Learned a level 3 spell: Inner Flame
  1503 | D:2      | Found an ornate altar of the Wu Jian Council.
  1803 | D:2      | Reached ** piety under Nemelex Xobeh
  1859 | D:2      | Received a gift from Nemelex Xobeh
  1944 | D:2      | Reached skill level 4 in Spellcasting
  2472 | D:3      | Reached XP level 4. HP: 24/24 MP: 6/12
  2532 | D:3      | Reached skill level 5 in Spellcasting
  2925 | D:3      | Reached XP level 5. HP: 28/28 MP: 9/14
  2927 | D:3      | Noticed Robin
  2935 | D:3      | Killed Robin
  3685 | D:4      | Noticed a black bear
  3691 | D:4      | Killed a black bear
  3692 | D:4      | Reached skill level 6 in Spellcasting
  3692 | D:4      | Reached XP level 6. HP: 21/32 MP: 5/17
  3790 | D:4      | Reached skill level 5 in Fire Magic
  3955 | D:4      | Reached skill level 7 in Spellcasting
  4385 | D:4      | Reached XP level 7. HP: 36/36 MP: 12/20
  4472 | D:4      | Reached skill level 8 in Spellcasting
  4666 | D:4      | Noticed Blork the orc
  4670 | D:4      | Killed Blork the orc
  4827 | D:4      | Found a staircase to the Ecumenical Temple.
  4883 | D:4      | Reached *** piety under Nemelex Xobeh
  4953 | D:4      | Reached skill level 1 in Hexes
  5202 | D:4      | Found Soujigur's Distillery.
  5210 | D:4      | Bought a potion of mutation for 88 gold pieces
  5210 | D:4      | Gained mutation: Your magical capacity is low. (-10% MP)
                  | [potion of mutation]
  5356 | D:4      | Reached skill level 9 in Spellcasting
  5650 | D:5      | Entered Level 5 of the Dungeon
  5802 | D:5      | Reached XP level 8. HP: 41/41 MP: 13/21
  6119 | D:5      | Received a gift from Nemelex Xobeh
  6303 | D:5      | Found an ornate altar of the Wu Jian Council.
  6315 | D:5      | Reached skill level 10 in Spellcasting
  6509 | D:5      | Found a shadowy altar of Dithmenos.
  6512 | D:5      | Found a hazy altar of Hepliaklqana.
  6528 | D:5      | Found a stormy altar of Qazlal.
  6529 | D:5      | Found an iron altar of Okawaru.
  6529 | D:5      | Found a glowing golden altar of the Shining One.
  6530 | D:5      | Found a shimmering blue altar of Sif Muna.
  6534 | D:5      | Found a white marble altar of Elyvilon.
  6636 | D:5      | Received a gift from Nemelex Xobeh
  6680 | D:5      | Got the Anthology of the Excursion
  7594 | D:6      | Received a gift from Nemelex Xobeh
  7666 | D:6      | Reached skill level 11 in Spellcasting
  8606 | D:7      | Reached **** piety under Nemelex Xobeh
  8650 | D:7      | Lost mutation: Your magical capacity is low. (-10% MP)
                  | [potion of mutation]
  8650 | D:7      | Gained mutation: Your muscles are strong. (Str +4, Int/Dex
                  | -1) [potion of mutation]
  8650 | D:7      | Gained mutation: Potions are less effective at restoring
                  | your health. [potion of mutation]
  8683 | D:7      | Identified the +6 quarterstaff "Neynoid" {heavy, +Blink
                  | Will+}
  8710 | D:7      | Reached XP level 9. HP: 45/45 MP: 18/26
  8984 | D:7      | Received a gift from Nemelex Xobeh
  9154 | D:7      | Reached skill level 12 in Spellcasting
  9205 | D:7      | Engulfed by a cloud of flame

Illustrated notes

Levels and vault maps discovered:
D:1:      mushboom_english_gardens, layout_basic, basic_ecumenical_altar,
          dreamdust_mushroom_princess
D:2:      layout_loops_ring, basic_altar
D:3:      layout_basic, uniq_robin
D:4:      layout_loops_ring, minmay_temple_entry_antechambers, serial_shops,
          nicolae_shop_hallway_stairs, minmay_quantized, uniq_blork_the_orc
D:5:      layout_loops_corners, minitemple, nicolae_overflow_crystal_walls,
          gup_sewer_entry_spiral
D:6:      layout_basic
D:7:      kb_forest_paths, layout_loops_corners

Skill      XL: |  1  2  3  4  5  6  7  8  9 |
---------------+----------------------------+-----
Fire Magic     | 4 5 6 7 |  7.8
Spellcasting   | 4 5 6 7 9 11 12 | 12.2
Stealth        | 3 |  3.7
Conjurations   | 2 3 4 |  4.6
Hexes          | 1 2 3 |  3.1
Fighting       | |  0.2
Short Blades   | |  0.3
Dodging        | |  2.7
Invocations    | |  0.3

Action                     |  1- 3 |  4- 6 |  7- 9 || total
---------------------------+-------+-------+-------++-------
  Melee: Unarmed           |     4 |       |       ||     4
         Dagger            |     4 |     8 |       ||    12
         Short sword       |       |       |     8 ||     8
   Cast: Foxfire           |   111 |    83 |   163 ||   357
         Scorch            |     8 |    19 |    47 ||    74
         Inner Flame       |       |     5 |    32 ||    37
 Invoke: Triple Draw       |       |       |     2 ||     2
         Draw Destruction  |       |       |     3 ||     3
    Use: Potion            |       |     1 |    11 ||    12
         Scroll            |       |       |     5 ||     5
   Stab: Sleeping          |     1 |       |       ||     1
 Armour: Robe              |     1 |     5 |     7 ||    13
  Dodge: Dodged            |     6 |    11 |    19 ||    36

Table legend: (Time is in decaauts)
 A = Elapsed time spent in this place.
 B = Non-inter-level travel time spent in this place.
 C = Inter-level travel time spent in this place.
 D = Time resting spent in this place.
 E = Time spent auto-exploring this place.
 F = Levels seen in this place.
 G = Mean time per level.
                   A        B        C        D        E       F      G
               +--------+--------+--------+--------+--------+-----+--------+
         Total |   9239 |   9004 |    235 |    856 |   7019 |   7 | 1319.9 |
       Dungeon |   9239 |   9004 |    235 |    856 |   7019 |   7 | 1319.9 |
               +--------+--------+--------+--------+--------+-----+--------+

Top non-repeatable levels by time:
     D:4: 1983 daAuts
     D:5: 1475 daAuts
     D:6: 1343 daAuts
     D:1: 1331 daAuts
     D:3: 1259 daAuts
     D:2: 1072 daAuts
     D:7: 773 daAuts
